 Dungeon Crawl Stone Soup version 0.21.0 (webtiles) character file.

226 HungrySpirit the Ducker (level 5, -2/30 HPs)
             Began as a Deep Elf Artificer on Jan 7, 2018.
             Slain by Grinder (4 damage)
             ... while paralysed by Grinder
             ... on level 4 of the Dungeon.
             The game lasted 00:03:52 (3373 turns).

HungrySpirit the Ducker (Deep Elf Artificer)        Turns: 3373, Time: 00:03:52

Health: -2/30      AC:  3    Str:  9    XL:     5   Next: 69%
Magic:  9/9        EV:  2    Int: 17    God:
Gold:   136        SH:  0    Dex: 15    Spells: 5/5 levels left

rFire    . . .     SeeInvis .   h - +4 dagger (drain)
rCold    . . .     Gourm    .   (no shield)
rNeg     . . .     Faith    .   b - +0 leather armour
rPois    .         Spirit   .   (no helmet)
rElec    .         Reflect  .   (no cloak)
rCorr    .         Harm     .   (no gloves)
MR       .....                  (no boots)
Stlth    ++........             (no amulet)
HPRegen  0.10/turn              (no ring)
MPRegen  0.11/turn              (no ring)

@: paralysed
A: no striking features
a: no special abilities


You were on level 4 of the Dungeon.
You were not hungry.

You visited 1 branch of the dungeon, and saw 4 of its levels.

You collected 136 gold pieces.

Inventory:

Hand Weapons
 h - a +4 dagger of draining (weapon)
Armour
 b - a +0 leather armour (worn)
Wands
 d - a wand of enslavement (15)
 e - a wand of random effects (15)
Scrolls
 a - a scroll of blinking {unknown}
 g - 3 scrolls of remove curse {unknown}
 k - 3 scrolls of teleportation {unknown}
 m - 2 scrolls of identify {unknown}
 n - a scroll of magic mapping {unknown}
Potions
 i - 3 potions of magic {unknown}
 j - a potion of haste {unknown}
 l - a potion of resistance {unknown}
Comestibles
 f - 7 rations


   Skills:
 - Level 2.1 Fighting
 * Level 4.1 Short Blades
 + Level 4.1 Dodging
 - Level 1.2 Stealth
 + Level 0.7 Spellcasting
 - Level 3.2 Evocations


You had 5 spell levels left.
You didn't know any spells.

Dungeon Overview and Level Annotations

Branches:
Dungeon (4/15)
 Temple: D:4-7

Altars:
Gozag
Hepliaklqana
Xom

Annotations:
D:4 Grinder


Message History

You hit Grinder.
Grinder is heavily wounded.
Evoke which item? (* to show all) (? for menu, Esc to quit)
Aiming: Throw Flame
Press: ? - help, Shift-Dir - straight line, f/p - Grinder
Aim: Grinder (heavily wounded)
The puff of flame hits Grinder.
Grinder is heavily wounded.
The now-empty wand crumbles to dust.
Grinder gestures at you.
You suddenly lose the ability to move!
Grinder hits you.
You writhe in agony.
Grinder hits you but does no damage. Grinder hits you.
You writhe in agony.
Grinder hits you.
* * * LOW HITPOINT WARNING * * *
You writhe in agony.
* * * LOW HITPOINT WARNING * * *
Grinder hits you.
You die...

#.....# #.....# ... #.....#
... #.....# .... #.....##
.....# ###+###......#
.....###...>##...####
......#...........#
$.....'5@.........#
.....#...........# #
$##.##...>###'##########
###..##+##....###...#..#...#
............................
............................
............................
.....##...##..##.##...###..#
##### ##########.##...###..#


You could see Grinder.

Vanquished Creatures
  A bullfrog zombie (D:3)
  A bullfrog skeleton (D:4)
  An orc wizard (D:3)
  The ghost of tidbits the Sneak, a weakling FeAE (D:3)
  4 adders
  3 worms
  A dart slug (D:2)
  4 leopard geckos
  9 orcs (D:3)
  3 giant cockroaches
  8 goblins
  6 hobgoblins
  5 jackals
  7 kobolds
  A quokka (D:2)
  2 ball pythons
  2 bats
  3 frilled lizards
  A jackal skeleton (D:4)
  8 rats
71 creatures vanquished.

Notes
Turn   | Place    | Note
-------+----------+-------------------------------------------
     0 | D:1      | HungrySpirit the Deep Elf Artificer began the quest for the Orb.
     0 | D:1      | Reached XP level 1. HP: 11/11 MP: 5/5
   158 | D:1      | Reached skill level 1 in Fighting
   252 | D:1      | Reached XP level 2. HP: 4/16 MP: 6/6
  1204 | D:2      | Reached XP level 3. HP: 20/20 MP: 7/7
  1509 | D:3      | Noticed tidbits's ghost (weakling FeAE)
  1516 | D:3      | Killed tidbits's ghost
  1711 | D:3      | Reached XP level 4. HP: 20/26 MP: 8/8
  1936 | D:3      | Found a shimmering altar of Xom.
  1937 | D:3      | Found a hazy altar of Hepliaklqana.
  1937 | D:3      | Noticed an insubstantial wisp
  1938 | D:3      | Noticed an insubstantial wisp
  1938 | D:3      | Noticed a spectral ugly thing
  2598 | D:3      | Reached XP level 5. HP: 27/30 MP: 9/9
  2998 | D:3      | Found an opulent altar of Gozag.
  3351 | D:4      | Noticed Grinder
  3368 | D:4      | Paralysed by Grinder for 7 turns
  3373 | D:4      | Slain by Grinder

Skill      XL: |  1  2  3  4  5 |
---------------+----------------+-----
Fighting       | 1 2 |  2.1
Short Blades   | 2 3 4 |  4.1
Dodging        | 3 4 |  4.1
Stealth        | |  1.2
Spellcasting   | |  0.7
Evocations     | |  3.2

Action                   |  1- 3 |  4- 6 || total
-------------------------+-------+-------++-------
Melee: Short sword       |    28 |       ||    28
       Dagger            |    62 |   110 ||   172
Evoke: Wand              |    11 |     4 ||    15
 Stab: Sleeping          |       |     2 ||     2
  Eat: Chunk             |     2 |     6 ||     8
Armor: Leather armour    |    21 |    12 ||    33
Dodge: Dodged            |    63 |    50 ||   113
